 Dungeon Crawl Stone Soup version 0.29.1-4-g47bece8355 (webtiles) character file.

Game seed: 7648914134225496972

191 conradc the Slasher (level 5, 0/39 HPs)
             Began as a Demonspawn Gladiator on Dec 12, 2022.
             Killed by divine providence
             ... invoked by an orc priest
              (9 damage)
             ... on level 5 of the Dungeon.
             The game lasted 00:03:38 (2224 turns).

conradc the Slasher (Demonspawn Gladiator)          Turns: 2224, Time: 00:03:39

Health: 0/39       AC: 10    Str: 14    XL:     5   Next: 41%
Magic:  5/5        EV: 13    Int:  9    God:
Gold:   141        SH:  4    Dex: 17    Spells: 4/4 levels left

rFire   . . .      SeeInvis .   a - +0 long sword
rCold   . . .      Faith    .   (no shield)
rNeg    + . .      Spirit   .   r - +2 robe {rN+}
rPois   .          Reflect  .   c - +0 helmet
rElec   .          Harm     .   (no cloak)
rCorr   .          Rampage  .   (no gloves)
Will    .....                   t - +2 pair of boots
Stlth   ++........              (no amulet)
HPRegen 0.13/turn               (no ring)
MPRegen 0.09/turn               (no ring)

@: no status effects
A: sharp scales 2, condensation shield
a: no special abilities


You were on level 5 of the Dungeon.
You visited 1 branch of the dungeon, and saw 4 of its levels.

You collected 141 gold pieces.

Inventory:

Hand Weapons
 a - a +0 long sword (weapon)
Armour
 b - a +0 leather armour
 c - a +0 helmet (worn)
 r - a +2 robe of positive energy (worn)
 t - a +2 pair of boots (worn)
Jewellery
 k - an amulet of the acrobat
Scrolls
 h - a scroll of immolation {unknown}
 i - a scroll of noise {unknown}
 j - 2 scrolls of enchant armour {unknown}
 m - a scroll of teleportation {unknown}
 o - a scroll of butterflies {unknown}
 p - 2 scrolls of poison {unknown}
 s - a scroll of fear {unknown}
Potions
 g - 2 potions of heal wounds {unknown}
 l - a potion of might {unknown}
 n - a potion of haste {unknown}
 q - 2 potions of attraction {unknown}


   Skills:
 * Level 2.3 Fighting
 * Level 3.8 Long Blades
 * Level 2.3 Throwing
 * Level 1.7 Armour
 * Level 3.6 Dodging
 * Level 1.1 Stealth


You had 4 spell levels left.
You didn't know any spells.
Your spell library contained the following spells:

 Spells                   Type           Power      Damage    Failure   Level
 Poisonous Vapours        Pois/Air       0%         N/A       52%         2
 Corpse Rot               Necr/Pois/Air  0%         N/A       99%         4


Dungeon Overview and Level Annotations

Branches:
Dungeon (3/15)

Altars:
Wu Jian


Innate Abilities, Weirdness & Mutations

You are mostly covered in razor-sharp scales. (AC +2, Slay +2)
A meltable shield of frost defends you. (SH +4)


Message History

An orc priest comes into view. It is wielding a +0 hand axe.
You block the adder's attack.
The orc priest shouts!
You slash the adder!
You kill the adder!
The orc priest calls down the wrath of Beogh upon you.
Beogh smites you!
* * * LOW HITPOINT WARNING * * *
You barely miss the adder. The adder barely misses you.
The adder closely misses you.
Unknown command.
You feel better. The adder bites you.
You slash the adder!
You kill the adder!
Something hits you but does no damage.
You barely miss something.
You hear some strange, mumbled words.
Something tries to affect you, but you resist.
You miss something. Something hits you but does no damage.
You closely miss something.
You hear some strange, mumbled words.
A magic dart appears from out of thin air!
The magic dart hits you.
* * * LOW HITPOINT WARNING * * *
You miss something. Something hits you but does no damage.
You barely miss something. Something hits you.
* * * LOW HITPOINT WARNING * * *
The orc priest casts a cantrip, but nothing happens.
The gnoll throws a throwing net.
Something gets caught in the net!
Something wriggles in the net.
Something wriggles in the net.
Found an ornate altar of the Wu Jian Council.
Something wriggles in the net.
Something wriggles in the net.
The iguana hisses menacingly.
Something wriggles in the net.
All of a sudden the net rips apart!
The orc priest looks satisfied for a moment.
The orc priest invokes the aid of Beogh against you.
Beogh smites you!
You die...

####### #.....#
#.._..# #.....#
#@# ###.# #...#
#..## #{##
###+#. #g#
.....#####g#####
....#.l.ol....#
...#.#)......#


You could see an orc priest and 2 gnolls.

Vanquished Creatures
  A gnoll bouda (D:5)
  An orc wizard (D:5)
  2 gnolls (D:5)
  7 adders
  A worm (D:2)
  3 orcs (D:5)
  6 ball pythons
  4 bats
  4 endoplasms
  4 giant cockroaches
  2 goblins (D:1)
  3 hobgoblins
  4 jackals (D:5)
  3 quokkas
  5 frilled lizards (D:1)
  3 kobolds
  3 rats (D:1)
56 creatures vanquished.

Notes
Turn   | Place    | Note
-------+----------+-------------------------------------------
     0 | D:1      | conradc the Demonspawn Gladiator began the quest for the
                  | Orb.
     0 | D:1      | Reached XP level 1. HP: 16/16 MP: 1/1
   126 | D:1      | Found a faded altar of an unknown god.
   392 | D:1      | Gained mutation: You are partially covered in razor-sharp
                  | scales. (AC +1, Slay +1) [demonic ancestry]
   392 | D:1      | Reached XP level 2. HP: 22/22 MP: 2/2
  1264 | D:2      | Gained mutation: You are mostly covered in razor-sharp
                  | scales. (AC +2, Slay +2) [demonic ancestry]
  1264 | D:2      | Reached XP level 3. HP: 27/27 MP: 3/3
  1776 | D:3      | Gained mutation: A meltable shield of frost defends you.
                  | (SH +4) [demonic ancestry]
  1776 | D:3      | Reached XP level 4. HP: 4/33 MP: 4/4
  1782 | D:3      | Reached skill level 1 in Stealth
  2008 | D:3      | You fall into a shaft and drop 2 floors!
  2008 | D:5      | Entered Level 5 of the Dungeon
  2178 | D:5      | Reached skill level 1 in Armour
  2197 | D:5      | Reached XP level 5. HP: 16/39 MP: 5/5
  2219 | D:5      | Found an ornate altar of the Wu Jian Council.
  2224 | D:5      | Killed from afar by an orc priest

Illustrated notes

Levels and vault maps discovered:
D:1:      sevenhm_arrival_forest_fort_small_6, layout_basic,
          shapermc_ecumenical_altar_pompeii
D:2:      layout_loops_ring
D:3:      layout_rooms, fedhas_ov_isle_minmay, uniq_ijyb
D:5:      layout_basic, nicolae_ru_sacrificial_ziggurat,
          mainiacjoe_overflow_alcove_2, temple_fountains, serial_shops,
          nicolae_shop_bloodbath_and_beyond, guppyfry_early_lair_pool

Skill      XL: |  1  2  3  4 |
---------------+-------------+-----
Dodging        | 3 |  3.6
Long Blades    | 3 |  3.8
Throwing       | 2 |  2.3
Stealth        | 1 |  1.1
Armour         | 1 |  1.7
Fighting       | |  2.3

Action                   |  1- 3 |  4- 6 || total
-------------------------+-------+-------++-------
Melee: Long sword        |    90 |    49 ||   139
Throw: Throwing net      |     1 |     2 ||     3
       Javelin           |       |     1 ||     1
  Use: Scroll            |     1 |       ||     1
       Potion            |       |     2 ||     2
 Stab: Sleeping          |     2 |       ||     2
       Distracted        |       |     1 ||     1
       Held in net/web   |       |     1 ||     1
Armor: Leather armour    |    38 |       ||    38
       Robe              |       |    21 ||    21
Dodge: Dodged            |    76 |    48 ||   124
Block: Other             |       |    16 ||    16
